 Dungeon Crawl Stone Soup version 0.32-a0-422-g28b100f618 (webtiles) character file.

Game seed: 426240332241262595

1512 lunkers the Slicer (level 8, -6/57 HPs)
             Began as a Coglin Artificer on Feb 21, 2024.
             Was an Initiate of Gozag.
             Mangled by Prince Ribbit (14 damage)
             ... on level 6 of the Dungeon.
             The game lasted 00:07:36 (4644 turns).

lunkers the Slicer (Coglin Artificer)               Turns: 4644, Time: 00:07:37

Health: -6/57      AC: 16    Str: 14    XL:     8   Next: 83%
Magic:  8/8        EV: 11    Int: 11    God:    Gozag
Gold:   675        SH:  0    Dex: 21    Spells: 7/7 levels left

rFire   . . .        x - +1 short sword (speed) {Publia}
rCold   . . .        g - +0 short sword {Beli-Ashared}
rNeg    . . .        m - +4 ring mail
rPois   .            f - +0 helmet
rElec   .            o - +1 cloak
rCorr   .            (no gloves)
SInv    .            (no boots)
Will    .....        (no amulet)
Stlth   +            h - +4 ring of protection
HPRegen 0.29/turn    w - +6 ring of dexterity
MPRegen 0.11/turn

%: no passive effects
@: immotile, revved
A: off-hand wielding, slow wielding, warmup strikes, legs shutdown
a: Renounce Religion, Potion Petition, Call Merchant, Bribe Branch


You were on level 6 of the Dungeon.
You worshipped Gozag.
Gozag was pleased with you.
You visited 1 branch of the dungeon, and saw 6 of its levels.

You collected 733 gold pieces.
You paid 58 gold pieces to Gozag.

Inventory:

Hand Weapons
 a - a +0 short sword {Nhalahla}
 g - a +0 short sword (offhand) {Beli-Ashared}
 x - a +1 short sword of speed (weapon) {Publia}
Missiles
 b - 2 throwing nets
 p - a curare-tipped dart
 s - 5 atropa-tipped darts
Armour
 f - a +0 helmet (worn)
 m - a +4 ring mail (worn)
 o - a +1 cloak (worn)
Jewellery
 h - a +4 ring of protection (left grasper)
 t - a +6 ring of strength
 w - a +6 ring of dexterity (right grasper)
Wands
 c - a wand of flame (10)
 d - a wand of charming (15)
 e - a wand of iceblast (5)
Scrolls
 j - a scroll of identify
 r - a scroll of amnesia
 u - 2 scrolls of teleportation
Potions
 i - 2 potions of haste
 k - 4 potions of might
 l - a potion of resistance {unknown}
 q - 4 potions of curing {unknown}
 z - a potion of invisibility {unknown}
 A - 2 potions of cancellation {unknown}
 B - a potion of enlightenment {unknown}
 D - a potion of lignification {unknown}


   Skills:
 + Level 2.5 Fighting
 + Level 8.3 Short Blades
 - Level 1.7 Armour
 + Level 2.2 Dodging
 - Level 0.7 Stealth
 + Level 6.8 Evocations


You had 7 spell levels left.
You didn't know any spells.
Your spell library contained the following spells:

 Spells                   Type           Power      Damage    Failure   Level
 Apportation              Tloc           0%         N/A       56%         1
 Necrotise                Necr           0%         1d4       56%         1
 Sting                    Conj/Alch      0%         1d3       56%         1
 Summon Small Mammal      Summ           0%         N/A       56%         1
 Fugue of the Fallen      Necr           0%         N/A       91%         3
 Ozocubu's Armour         Ice            0%         N/A       91%         3
 Manifold Assault         Tloc           0%         N/A       100%        4
 Summon Blazeheart Golem  Fire/Summ      0%         N/A       100%        4
 Orb of Destruction       Conj           0%         9d5       100%        7
 Spellforged Servitor     Conj/Summ      0%         N/A       100%        7


Dungeon Overview and Level Annotations

Branches:
Dungeon (6/15)             Temple (0/1) D:4

Altars:
Elyvilon
Gozag
Makhleb
Ru
Sif Muna
Trog
Yredelemnul

Shops:
D:2 :(*[(

Annotations:
D:6 Prince Ribbit


Innate Abilities, Weirdness & Mutations

You can wield a second weapon in your off-hand.
It takes a long time for you to wield or remove held weapons.
Your first few attacks do less damage.
Attacking and casting redirects power from your legs.


Message History

You throw a curare-tipped dart.
The curare-tipped dart completely misses Prince Ribbit.
Prince Ribbit blinks!
Prince Ribbit misses you.
Throw: 2 darts (curare)
Press: ? - help, Shift-Dir - straight line, f/p - Prince Ribbit
Aim: Prince Ribbit (39% to hit)
You throw a curare-tipped dart.
The curare-tipped dart hits Prince Ribbit.
Prince Ribbit is poisoned.
Prince Ribbit struggles to breathe.
Prince Ribbit seems to slow down.
Prince Ribbit is lightly wounded.
Prince Ribbit barely misses you.
You are too injured to fight recklessly!
You completely miss Prince Ribbit with your +0 short sword.
Prince Ribbit is moderately wounded.
You hit Prince Ribbit with your +1 short sword of speed.
You miss Prince Ribbit with your +0 short sword.
Prince Ribbit is moderately wounded.
You closely miss Prince Ribbit with your +1 short sword of speed.
Prince Ribbit hits you!
* * * LOW HITPOINT WARNING * * *
You hit Prince Ribbit with your +0 short sword.
Prince Ribbit is heavily wounded.
You barely miss Prince Ribbit with your +1 short sword of speed.
You closely miss Prince Ribbit with your +1 short sword of speed.
Prince Ribbit is heavily wounded.
You hit Prince Ribbit with your +0 short sword.
Prince Ribbit lets out a mournful croak.
Prince Ribbit hits you.
* * * LOW HITPOINT WARNING * * *
You miss Prince Ribbit with your +0 short sword.
Prince Ribbit is heavily wounded.
You hit Prince Ribbit with your +1 short sword of speed.
Unknown command.
You barely miss Prince Ribbit with your +0 short sword.
Prince Ribbit is heavily wounded.
You hit Prince Ribbit with your +1 short sword of speed.
Prince Ribbit hits you!
You die...
Your body crumbles into a pile of gold. ### .># #ยง# #.# #.########### . #...(....<..# .. ##..###......# P.. ####...# #.##.### P..g ###.F@...# #.##.# .PPPP

#...###..#
#.##.#
......##(###
#..# #.##.#
#.....$.#
#..# #.##.#
...#######
#..# #.##.#
#..# #.##.#
#..# #.##.#
..# #.#


You could see Prince Ribbit (very poisoned, slow).

Vanquished Creatures
  An orc warrior (D:5)
  2 ice beasts (D:5)
  An ogre (D:5)
  2 phantoms (D:5)
  A kobold brigand (D:5)
  2 scorpions
  A gnoll sergeant (D:6)
  2 hounds (D:5)
  3 bombardier beetles
  2 gnoll boudas
  A sleepcap (D:4)
  Jessica (D:2)
  An iguana (D:5)
  4 orc wizards
  Robin (D:2)
  5 adders
  5 gnolls
  A shadow imp (D:5)
  4 ufetubi (D:5)
  2 dart slugs (D:1)
  3 ribbon worms
  9 orcs
  8 ball pythons
  5 endoplasms
  2 giant cockroaches
  21 goblins
  6 hobgoblins
  8 jackals
  3 quokkas
  4 bats
  4 frilled lizards
  12 kobolds
  5 rats
132 creatures vanquished.

Notes
Turn   | Place    | Note
-------+----------+-------------------------------------------
     0 | D:1      | lunkers the Coglin Artificer began the quest for the Orb.
     0 | D:1      | Reached XP level 1. HP: 15/15 MP: 1/1
    39 | D:1      | Reached XP level 2. HP: 1/21 MP: 2/2
   123 | D:1      | Found a faded altar of an unknown god.
   148 | D:1      | Reached skill level 5 in Evocations
   219 | D:1      | Reached skill level 1 in Short Blades
   219 | D:1      | Reached XP level 3. HP: 11/26 MP: 3/3
   518 | D:1      | Reached XP level 4. HP: 32/32 MP: 4/4
  1097 | D:1      | Reached skill level 2 in Short Blades
  1136 | D:2      | Noticed Robin
  1311 | D:2      | Killed Robin
  1327 | D:2      | Found Loskicess's Antique Armour Shoppe.
  1349 | D:2      | Noticed Jessica
  1354 | D:2      | Killed Jessica
  1355 | D:2      | Reached XP level 5. HP: 24/37 MP: 5/5
  1488 | D:2      | Found Datouc's Weapon Shoppe.
  1543 | D:2      | Found Ominit's Assorted Antiques.
  1579 | D:2      | Reached skill level 3 in Short Blades
  1612 | D:2      | Found Vuisasyrgh's Book Shoppe.
  1671 | D:2      | Found Qakk's Weapon Shoppe.
  2038 | D:3      | Found an opulent altar of Gozag.
  2046 | D:3      | Became a worshipper of Gozag Ym Sagoz the Greedy
  2174 | D:3      | Reached skill level 4 in Short Blades
  2174 | D:3      | Reached XP level 6. HP: 43/43 MP: 6/6
  2264 | D:3      | Found a basalt altar of Yredelemnul.
  2270 | D:3      | Found a bloodstained altar of Trog.
  2401 | D:3      | Found a shimmering blue altar of Sif Muna.
  2401 | D:3      | Found a faded altar of an unknown god.
  2409 | D:3      | Found a sacrificial altar of Ru.
  2411 | D:3      | Found a burning altar of Makhleb.
  2413 | D:3      | Found a faded altar of an unknown god.
  2441 | D:4      | Found a staircase to the Ecumenical Temple.
  3011 | D:4      | Reached skill level 5 in Short Blades
  3162 | D:5      | Entered Level 5 of the Dungeon
  3206 | D:5      | Noticed an orc warrior
  3218 | D:5      | Killed an orc warrior
  3219 | D:5      | Reached XP level 7. HP: 32/48 MP: 7/7
  3237 | D:5      | Reached skill level 6 in Short Blades
  3470 | D:5      | Reached skill level 7 in Short Blades
  3590 | D:5      | Reached XP level 8. HP: 54/54 MP: 8/8
  3787 | D:5      | Reached skill level 8 in Short Blades
  4093 | D:5      | Reached skill level 1 in Dodging
  4303 | D:5      | Found a white marble altar of Elyvilon.
  4625 | D:6      | Noticed Prince Ribbit
  4644 | D:6      | Mangled by Prince Ribbit

Illustrated notes

Levels and vault maps discovered:
D:1:      lemuel_arrival_broad_hall, layout_basic,
          shapermc_ecumenical_altar_notcrosses, serial_park_tiny_pond
D:2:      layout_rooms, serial_shops, shop, nicolae_shop_just_a_little_nook,
          shop, shop, nicolae_shop_rolling_square, uniq_robin, uniq_jessica
D:3:      layout_rooms, minitemple, lemuel_tele_altar,
          chequers_temple_overflow_minitemple
D:4:      layout_rooms, minmay_temple_entry_mist, kennysheep_generic_room_3
D:5:      cheibrodos_thug_alley, layout_gridville, nicolae_elyvilon_temple_path
D:6:      layout_basic, gammafunk_ghost_stat_death, minmay_misc_feat_alley,
          nicolae_grassy_gnolls, uniq_prince_ribbit1

Skill      XL: |  1  2  3  4  5  6  7  8 |
---------------+-------------------------+-----
Evocations     | 5 6 |  6.8
Short Blades   | 1 2 4 5 7 8 |  8.3
Dodging        | 2 |  2.2
Fighting       | 2 |  2.5
Armour         | |  1.7
Stealth        | |  0.7

Action                     |  1- 3 |  4- 6 |  7- 9 || total
---------------------------+-------+-------+-------++-------
  Melee: Club              |    12 |       |       ||    12
         Short sword       |    89 |   493 |   412 ||   994
  Throw: Dart              |       |     2 |     4 ||     6
  Evoke: Wand              |     5 |       |       ||     5
    Use: Scroll            |       |     5 |     7 ||    12
   Stab: Sleeping          |       |     1 |     1 ||     2
         Distracted        |       |     1 |       ||     1
 Armour: Leather armour    |    29 |       |       ||    29
         Ring mail         |       |   159 |   106 ||   265
  Dodge: Dodged            |    46 |   122 |    77 ||   245

Table legend: (Time is in decaauts)
 A = Elapsed time spent in this place.
 B = Non-inter-level travel time spent in this place.
 C = Inter-level travel time spent in this place.
 D = Time resting spent in this place.
 E = Time spent auto-exploring this place.
 F = Levels seen in this place.
 G = Mean time per level.
                   A        B        C        D        E       F      G
               +--------+--------+--------+--------+--------+-----+--------+
         Total |   4490 |   4283 |    207 |    143 |   3133 |   6 |  748.3 |
       Dungeon |   4490 |   4283 |    207 |    143 |   3133 |   6 |  748.3 |
               +--------+--------+--------+--------+--------+-----+--------+

Top non-repeatable levels by time:
     D:5: 1303 daAuts
     D:1: 1294 daAuts
     D:4: 701 daAuts
     D:2: 632 daAuts
     D:3: 493 daAuts
     D:6: 63 daAuts
